 Dungeon Crawl Stone Soup version 0.27-a0-346-ga689d4a613 (webtiles) character file.

Game seed: 16387910129654654737

95 RBrandon the Slasher (level 4, -1/34 HPs)
             Began as a Vampire Fighter on Feb 15, 2021.
             Killed by nerve-wracking pain
             ... invoked by Grinder
              (6 damage)
             ... while paralysed by Grinder
             ... on level 2 of the Dungeon.
             The game lasted 00:03:19 (1377 turns).

RBrandon the Slasher (Vampire Fighter)              Turns: 1377, Time: 00:03:20

Health: -1/34      AC:  9    Str: 16    XL:     4   Next: 40%
Magic:  4/4        EV:  2    Int: 10    God:
Gold:   57         SH:  0    Dex: 13    Spells: 3/3 levels left

rFire    . . .     SeeInvis +   a - +0 long sword
rCold    + . .     Faith    .   c - +0 kite shield
rNeg     . . .     Spirit   .   b - +0 scale mail
rPois    .         Reflect  .   p - +2 helmet {SInv}
rElec    .         Harm     .   (no cloak)
rCorr    .         Rampage  .   (no gloves)
Will     .....                  (no boots)
Stlth    ..........             e - amulet of regeneration
HPRegen  1.31/turn              k - ring of protection from cold
MPRegen  0.09/turn              (no ring)

@: paralysed, regenerating quickly
A: fangs 3, see invisible, unbreathing
a: Exsanguinate


You were on level 2 of the Dungeon.
You visited 1 branch of the dungeon, and saw 3 of its levels.

You collected 57 gold pieces.

Inventory:

Hand Weapons
 a - a +0 long sword (weapon)
Missiles
 f - 15 poisoned darts (quivered)
Armour
 b - a +0 scale mail (worn)
 c - a +0 kite shield (worn)
 p - a +2 helmet of see invisible (worn)
   (You found it on level 2 of the Dungeon)
Jewellery
 e - an amulet of regeneration (around neck)
 k - a ring of protection from cold (left hand)
Scrolls
 g - a scroll of magic mapping {unknown}
 l - a scroll of teleportation {unknown}
 m - a scroll of noise {unknown}
 o - 2 scrolls of identify {unknown}
 q - a scroll of amnesia {unknown}
Potions
 d - a potion of might
 h - a potion of attraction {unknown}
 i - 2 potions of resistance {unknown}
 j - a potion of berserk rage {unknown}
 n - 2 potions of brilliance {unknown}


   Skills:
 - Level 2.6 Fighting
 * Level 4.0 Long Blades
 - Level 2.4 Armour
 + Level 3.5 Shields


You had 3 spell levels left.
You didn't know any spells.
Your spell library was empty.

Dungeon Overview and Level Annotations

Branches:
Dungeon (3/15)

Altars:
Fedhas
Nemelex Xobeh

Annotations:
D:2 Grinder


Innate Abilities, Weirdness & Mutations

Your natural rate of healing is unusually fast.
You have razor-sharp teeth.
You have supernaturally acute eyesight. (SInv)
You can survive without breathing.


Message History

A goblin comes into view. It is wielding a +0 club.
The goblin shouts!
Found a sparkling altar of Nemelex Xobeh.
There is a stone staircase leading up here.
Grinder blinks!
Grinder gestures at you. You resist with significant effort. Grinder hits you.
You writhe in agony.
You climb upwards.
There is a stone staircase leading down here.
You slash Grinder!
Grinder is lightly wounded.
You block Grinder's attack.
You closely miss Grinder.
Grinder is lightly wounded.
Grinder hits you but does no damage. You block Grinder's attack.
Your scale mail prevents you from hitting Grinder.
Grinder is lightly wounded.
Grinder gestures at you. You resist with significant effort.
You hit Grinder but do no damage.
Grinder is lightly wounded.
Grinder hits you!
You writhe in agony.
You block Grinder's attack.
You hit Grinder but do no damage.
Grinder is lightly wounded.
Grinder hits you.
* * * LOW HITPOINT WARNING * * *
You writhe in agony.
* * * LOW HITPOINT WARNING * * *
You hit Grinder. You bite Grinder.
Grinder is heavily wounded.
Grinder gestures at you.
You suddenly lose the ability to move!
Grinder hits you!
* * * LOW HITPOINT WARNING * * *
You writhe in agony.
* * * LOW HITPOINT WARNING * * *
Grinder gestures at you. Pain shoots through your body!
You die...

#############............
#...........##..[#...#...
#.#########...)..).....). ##.##
#..#...#...#... ####...####
###............
#####.........#### #.############
...##.##...#.....# #.# #.#.#
##..#.###†##.###5###.#####.#.##
##.#.........# #@.............###
#.###........###.###.#####.#.....
...#..###..#.....# #.# #.#...##
###.### #..##..#####.## #.......
#.# #..##..)......# ###...## #.#
#..##.######..#### ##.##
#.#####..##.# #.....## #.#
##.........#.######......###.###
#........................÷.....>


You could see Grinder.

Vanquished Creatures
  2 adders (D:2)
  An ooze (D:2)
  3 worms (D:2)
  2 dart slugs (D:1)
  2 leopard geckos (D:1)
  10 bats
  5 giant cockroaches
  5 goblins
  6 hobgoblins
  8 jackals
  6 kobolds
  A quokka (D:2)
  4 rats
55 creatures vanquished.

Notes
Turn   | Place    | Note
-------+----------+-------------------------------------------
     0 | D:1      | RBrandon the Vampire Fighter began the quest for the Orb.
     0 | D:1      | Reached XP level 1. HP: 17/17 MP: 1/1
   137 | D:1      | Reached XP level 2. HP: 23/23 MP: 2/2
   313 | D:1      | Reached skill level 3 in Long Blades
   449 | D:1      | Reached XP level 3. HP: 28/28 MP: 3/3
   731 | D:2      | Found a blossoming altar of Fedhas.
   903 | D:2      | Reached XP level 4. HP: 34/34 MP: 4/4
  1178 | D:2      | Reached skill level 4 in Long Blades
  1340 | D:3      | Noticed Grinder
  1363 | D:3      | Found a sparkling altar of Nemelex Xobeh.
  1375 | D:2      | Paralysed by Grinder for 5 turns
  1377 | D:2      | Killed from afar by Grinder

Illustrated notes

Levels and vault maps discovered:
D:1:      amcnicky_arrival_double_pillar, layout_basic
D:2:      layout_loops_ring, lemuel_coloured_pillars_altar
D:3:      layout_basic, nemelex_xobeh_ov_fountains_minmay, doesnt_xom_only_xom,
          uniq_grinder

Skill      XL: |  1  2  3  4 |
---------------+-------------+-----
Shields        | 3 |  3.5
Long Blades    | 3 4 |  4.0
Fighting       | |  2.6
Armour         | |  2.4

Action                   |  1- 3 |  4- 6 || total
-------------------------+-------+-------++-------
Melee: Long sword        |   135 |    45 ||   180
       Bite              |    13 |     4 ||    17
Armor: Scale mail        |    72 |    33 ||   105
Dodge: Dodged            |    39 |    11 ||    50
Block: Kite shield       |    74 |    21 ||    95
       Rpst.: Long sword |    16 |     3 ||    19

Table legend: (Time is in decaauts)
 A = Elapsed time spent in this place.
 B = Non-inter-level travel time spent in this place.
 C = Inter-level travel time spent in this place.
 D = Time resting spent in this place.
 E = Time spent auto-exploring this place.
 F = Levels seen in this place.
 G = Mean time per level.
                   A        B        C        D        E       F      G
               +--------+--------+--------+--------+--------+-----+--------+
         Total |   1462 |   1392 |     70 |     30 |    841 |   3 |  487.3 |
       Dungeon |   1462 |   1392 |     70 |     30 |    841 |   3 |  487.3 |
               +--------+--------+--------+--------+--------+-----+--------+

Top non-repeatable levels by time:
     D:2: 824 daAuts
     D:1: 629 daAuts
     D:3: 8 daAuts

Table legend:
 A = Kills in this place as a percentage of kills in entire the game.
 B = Kills by you in this place as a percentage of kills by you in the entire game.
 C = Kills by friends in this place as a percentage of kills by friends in the entire game.
 D = Other kills in this place as a percentage of other kills in the entire game.
 E = Experience gained in this place as a percentage of experience gained in the entire game.
 F = Experience gained in this place divided by the number of levels of this place that you have seen.
                   A       B       C       D       E      F
               +-------+-------+-------+-------+-------+----------------------
         Total | 100.0 | 100.0 |   N/A |   N/A | 100.0 |  45.7
       Dungeon | 100.0 | 100.0 |   N/A |   N/A | 100.0 |  45.7
               +-------+-------+-------+-------+-------+----------------------
